 Dungeon Crawl Stone Soup version 0.28-a0-628-g3c9886e45e (webtiles) character file.

Game seed: 9568126392613136945

528216 kipponium the Unseen (level 25, -24/202 HPs)
             Began as a Gnoll Brigand on Oct 4, 2021.
             Was the Champion of Fedhas.
             Killed from afar by a living spell (55 damage)
             ... with a crystal spear
             ... summoned by a walking crystal tome
             ... on level 4 of the Depths on Oct 8, 2021.
             The game lasted 08:19:23 (72767 turns).

kipponium the Unseen (Gnoll Brigand)               Turns: 72767, Time: 08:19:29

Health: -24/202    AC: 25    Str: 12    XL:     25   Next: 54%
Magic:  35/39      EV: 21    Int: 23    God:    Fedhas [******]
Gold:   5444       SH: 15    Dex: 24    Spells: 7/58 levels left

rFire   + . .      SeeInvis +   X - +2 Maxwell's thermic engine {flame, freeze}
rCold   + . .      Faith    .   Q - +0 buckler {rN+}
rNeg    + . .      Spirit   .   f - +2 scale mail {Will+}
rPois   .          Reflect  +   C - +2 helmet {Int+3}
rElec   .          Harm     .   s - +2 cloak of Summer {Regen+ SInv}
rCorr   +          Rampage  .   e - +0 pair of gloves
Will    ++...                   l - +2 pair of boots of Ignis's Esteem {Dex+5}
Stlth   +++++++...              o - amulet of reflection
HPRegen 1.43/turn               a - ring "Usuzxargh" {rF+ rCorr Stlth+}
MPRegen 0.26/turn               D - ring of Ilajuip {rC+ Int+4}

@: studying Air Magic
A: fangs 1, strong nose, distributed training, low mp 1
}: 3/15 runes: barnacled, silver, gossamer
a: Renounce Religion, Wall of Briars, Grow Ballistomycete, Overgrow, Grow Oklob


You were on level 4 of the Depths.
You worshipped Fedhas.
Fedhas was exalted by your worship.
You visited 9 branches of the dungeon, and saw 44 of its levels.
You visited 1 bazaar.
You also visited: Bailey, Ice Cave and Wizlab.

You collected 8066 gold pieces.
You spent 2622 gold pieces at shops.

Inventory:

Hand Weapons
 t - a +2 morningstar of holy wrath
 z - the +6 hand crossbow "Waor Kaunob" {flame, Will++ Str+2 Dex-3 SInv}
   (You bought it in a shop in a bazaar)

   Any ammunition fired from it burns those it strikes, dealing additional fire
   damage.
   Str:       It affects your strength (+2).
   Dex:       It affects your dexterity (-3).
   SInv:      It lets you see invisible.
   Will:      It greatly increases your willpower.
 H - the +8 arc blade {discharge, rElec}
   (You found it on level 2 of the Depths)

   It occasionally unleashes powerful arcs of lightning upon striking a foe.
   These may arc to other adjacent creatures (including the wielder, but dealing
   reduced damage to them) before grounding out.
   rElec:     It insulates you from electricity.
 T - the +8 dagger of Exhibitionism {venom, rPois Str+5}
   (You bought it in a shop on level 7 of the Dungeon)

   It poisons the flesh of those it strikes.
   Str:       It affects your strength (+5).
   rPois:     It protects you from poison.
 X - the +2 Maxwell's thermic engine (weapon) {flame, freeze}
   (You found it on level 1 of the Depths)

   It burns those it strikes, dealing additional fire damage.
   Big, fiery blades are also staple armaments of hydra-hunters.
   It freezes those it strikes, dealing additional cold damage.
   It can also slow down cold-blooded creatures.
   It becomes more effective when it hits something.
   This effect fades over time.
Missiles
 d - 83 poisoned darts (quivered)
 n - 4 datura-tipped darts
 y - 221 bolts
 L - 19 atropa-tipped darts
 P - a curare-tipped dart
Armour
 e - a +0 pair of gloves (worn)
 f - a +2 scale mail of willpower (worn)
 l - the +2 pair of boots of Ignis's Esteem (worn) {Dex+5}
   (You found it in an ice cave)

   Dex:       It affects your dexterity (+5).
 s - the +2 cloak of Summer (worn) {Regen+ SInv}
   (You found it on level 6 of the Lair of Beasts)

   SInv:      It lets you see invisible.
   Regen:     It increases your rate of health regeneration.
 C - a +2 helmet of intelligence (worn)
 Q - a +0 buckler of positive energy (worn)
Jewellery
 a - the ring "Usuzxargh" (left hand) {rF+ rCorr Stlth+}
   (You found it on level 4 of the Shoals)

   [ring of protection from fire]

   rF:        It protects you from fire.
   rCorr:     It protects you from acid and corrosion.
   Stlth:     It makes you more stealthy.
 o - an amulet of reflection (around neck)
 u - the amulet "Kuikh" {RegenMP Str+4}
   (You took it off a deep elf annihilator on level 5 of the Vaults)

   [amulet of magic regeneration]

   It increases your rate of magic regeneration.
   Str:       It affects your strength (+4).
 D - the ring of Ilajuip (right hand) {rC+ Int+4}
   (You took it off a reaper in an ice cave)

   [ring of protection from cold]

   Int:       It affects your intelligence (+4).
   rC:        It protects you from cold.
 F - a ring of protection from cold
 V - the ring of Ru's Benevolence {rN++ Str+4 Int-4 SInv}
   (You found it on level 12 of the Dungeon)

   [ring of see invisible]

   Str:       It affects your strength (+4).
   Int:       It affects your intelligence (-4).
   rN:        It greatly protects you from negative energy.
   SInv:      It lets you see invisible.
Wands
 b - a wand of iceblast (97)
 m - a wand of mindburst (12)
 v - a wand of paralysis (55)
 E - a wand of acid (34)
 O - a wand of charming (8)
 U - a wand of digging (22)
Scrolls
 i - 2 scrolls of holy word
 k - 7 scrolls of summoning
 p - 12 scrolls of fog
 x - a scroll of silence
 B - 29 scrolls of teleportation
 M - 4 scrolls of magic mapping
Potions
 h - a potion of berserk rage
 w - a potion of magic
 A - 8 potions of might
 G - 4 potions of cancellation
 J - 4 potions of invisibility
 K - 6 potions of flight
 N - 6 potions of brilliance
 R - 6 potions of heal wounds
 S - 3 potions of haste
 Y - 13 potions of curing
 Z - a potion of resistance
Miscellaneous
 c - a condenser vane
 g - a tin of tremorstones (2/2)
 j - a phantom mirror
 r - a lightning rod (4/4)
 I - a phial of floods
 W - a box of beasts


   Skills:
 + Level 17.6 Fighting
 + Level 17.6 Short Blades
 + Level 17.0 Long Blades
 + Level 17.0 Axes
 + Level 17.0 Maces & Flails
 + Level 17.0 Polearms
 + Level 17.0 Staves
 + Level 17.0 Slings
 + Level 17.0 Bows
 + Level 17.0 Crossbows
 + Level 17.6 Throwing
 + Level 17.0 Armour
 + Level 17.2 Dodging
 + Level 18.5 Stealth
 + Level 17.0 Shields
 + Level 17.0 Unarmed Combat
 + Level 17.0 Spellcasting
 + Level 14.5 Conjurations
 + Level 14.5 Hexes
 + Level 14.5 Summonings
 + Level 14.5 Necromancy
 + Level 14.5 Translocations
 + Level 14.5 Transmutations
 + Level 14.5 Fire Magic
 + Level 14.5 Ice Magic
 + Level 15.0 Air Magic
 + Level 14.5 Earth Magic
 + Level 14.5 Poison Magic
 + Level 18.5 Invocations
 + Level 17.0 Evocations


You had 7 spell levels left.
You knew the following spells:

 Your Spells              Type           Power      Damage    Failure   Level
a - Ignite Poison         Fire/Tmut/Pois 72%        N/A       1%          3
b - Sticky Flame          Conj/Fire      72%        2d9       1%          4
c - Freezing Cloud        Conj/Ice/Air   36%        6-21      1%          5
d - Confusing Touch       Hex            72%        N/A       1%          3
e - Yara's Violent Unrav  Hex/Tmut       36%        3d15      1%          5
f - Dazzling Flash        Conj/Hex       100%       N/A       1%          3
g - Wereblood             Tmut           72%        N/A       1%          2
h - Hailstorm             Conj/Ice       72%        3d15      1%          4
i - Dispel Undead         Necr           72%        3d24      1%          4
j - Lee's Rapid Deconstr  Erth           36%        3d19*     1%          5
k - Death Channel         Necr           36%        N/A       3%          6
l - Haunt                 Necr/Summ      36%        N/A       17%         7

Your spell library contained the following spells:

 Spells                   Type           Power      Damage    Failure   Level
 Animate Skeleton         Necr           100%       N/A       1%          1
 Apportation              Tloc           100%       N/A       1%          1
 Magic Dart               Conj           100%       1d8       1%          1
 Pain                     Necr           100%       1d9       1%          1
 Sting                    Tmut/Pois      100%       1d8       1%          1
 Summon Small Mammal      Summ           100%       N/A       1%          1
 Ensorcelled Hibernation  Hex/Ice        100%       N/A       1%          2
 Slow                     Hex            72%        N/A       1%          2
 Static Discharge         Conj/Air       73%        N/A       1%          2
 Sublimation of Blood     Necr           36%        N/A       1%          2
 Conjure Flame            Conj/Fire      72%        6-21      1%          3
 Lesser Beckoning         Tloc           72%        N/A       1%          3
 Mephitic Cloud           Conj/Pois/Air  72%        N/A       1%          3
 Ozocubu's Armour         Ice            72%        N/A       1%          3
 Spider Form              Tmut/Pois      36%        N/A       1%          3
 Animate Dead             Necr           36%        N/A       1%          4
 Fulminant Prism          Conj/Hex       36%        3d18      1%          4
 Ice Form                 Ice/Tmut       72%        N/A       1%          4
 Leda's Liquefaction      Hex/Erth       36%        N/A       1%          4
 Summon Ice Beast         Ice/Summ       72%        N/A       1%          4
 Summon Lightning Spire   Summ/Air       73%        N/A       1%          4
 Agony                    Necr           72%        N/A       1%          5
 Borgnjor's Vile Clutch   Necr/Erth      36%        N/A       1%          5
 Excruciating Wounds      Necr           36%        N/A       1%          5
 Fireball                 Conj/Fire      36%        3d15      1%          5
 Iskenderun's Battlesphe  Conj           72%        2d12      1%          5
 Metabolic Englaciation   Hex/Ice        36%        N/A       1%          5
 Silence                  Hex/Air        36%        N/A       1%          5
 Summon Forest            Summ/Tloc      36%        N/A       1%          5
 Summon Mana Viper        Hex/Summ       72%        N/A       1%          5
 Conjure Ball Lightning   Conj/Air       36%        3x3d12    2%          6
 Invisibility             Hex            36%        N/A       3%          6
 Iron Shot                Conj/Erth      36%        9d7       3%          6
 Simulacrum               Ice/Necr       36%        N/A       3%          6
 Statue Form              Tmut/Erth      48%        N/A       3%          6
 Summon Cactus Giant      Summ           36%        N/A       3%          6
 Storm Form               Tmut/Air       36%        N/A       16%         7
 Monstrous Menagerie      Summ           36%        N/A       17%         7
 Orb of Destruction       Conj           36%        9d13      17%         7
 Ozocubu's Refrigeration  Ice            36%        4d12      17%         7
 Spellforged Servitor     Conj/Summ      36%        N/A       17%         7
 Maxwell's Capacitive Co  Air            36%        ∞         73%         8
 Discord                  Hex            36%        N/A       80%         8
 Lehudib's Crystal Spear  Conj/Erth      36%        10d9      80%         8
 Death's Door             Necr           36%        N/A       100%        9
 Polar Vortex             Ice            36%        N/A       100%        9


Dungeon Overview and Level Annotations

Branches:
Dungeon (15/15)            Temple (1/1) D:6            Lair (6/6) D:10
 Shoals (4/4) Lair:3       Spider (4/4) Lair:2        Slime (0/5) Lair:6
    Orc (2/2) D:12            Elf (3/3) Orc:2        Vaults (5/5) D:14
  Crypt (0/3) Vaults:3     Depths (4/4) D:15            Zot (0/5) Depths:4
 Bailey (visited)           IceCv (visited)          WizLab (visited)

Altars:
Ashenzari
Cheibriados
Dithmenos
Elyvilon
Fedhas
Gozag
Hepliaklqana
Kikubaaqudgha
Makhleb
Nemelex Xobeh
Okawaru
Qazlal
Ru
Sif Muna
Trog
Uskayaw
Vehumet
Wu Jian
Xom
Yredelemnul
Zin
The Shining One
Beogh
Jiyva
Lugonu

Shops:
D:3 *[=!!   D:4 !   D:7 [?((   D:9 *   D:15 =   Orc:2 (([[   Elf:3 (
Shoals:1 !   Shoals:3 (*   Vaults:2 !   Vaults:3 [   Vaults:4 =

Portals:
Hell: Depths:1 Depths:2 Depths:3 Depths:4
Abyss: Shoals:2 Depths:3 Depths:4
Pandemonium: Depths:1 Depths:2
Ziggurat: Depths:3

Annotations:
D:6 exclusion: 2 doors
D:8 3 runed translucent doors, exclusion: 3 doors, sn0wgr3's ghost, novice GrFi
Shoals:2 2 transporters, Doifril's ghost, journeyman MiBe
Elf:2 8 runed translucent doors, Sompag's ghost, adept DrVM
Vaults:2 1 runed translucent door, Totups's ghost, adept DjVM
Depths:1 3 runed translucent doors
Depths:4 exclusion: 2 doors


Innate Abilities, Weirdness & Mutations

You have very sharp teeth.
Your uncanny sense of smell can sniff out nearby items.
Your experience applies equally to all skills.
Your magical capacity is low. (-10% MP)


Message History

You start resting.
HP restored.
d - 80 poisoned darts (gained 3)
You see here a caustic shrike corpse.
d - 83 poisoned darts (gained 3)
There is an open door here.
y - 221 bolts (gained 1)
A walking crystal tome comes into view.
You see here a very ugly thing skeleton.
Things that are here:
a +0 dire flail; a +0 dire flail
There is an open door here.
You see here a poisoned dart.
The walking crystal tome erupts in a flurry of living spells!
The walking crystal tome erupts in a flurry of living spells!
The living spell casts itself at you. The crystal spear misses you.
Your scale mail prevents you from hitting the walking crystal tome.
The walking crystal tome hits you!
Casting: Ignite Poison (safe; 1% risk of failure)
Confirm with . or Enter, or press ? or * to list all spells.
Aiming: Sticky Flame (safe; 1% risk of failure)
Press: ? - help, Shift-Dir - straight line, f - walking crystal tome
Aim: a walking crystal tome (100% to hit)
The sticky flame hits the walking crystal tome!
The walking crystal tome is lightly damaged.
The walking crystal tome is covered in liquid flames!
The walking crystal tome burns!
The living spell casts itself at you. The crystal spear hits you!!!
The living spell casts itself at you. The crystal spear hits you!!!
* * * LOW HITPOINT WARNING * * *
The living spell casts itself at you. The crystal spear hits you!!
* * * LOW HITPOINT WARNING * * *
The living spell casts itself at you. The crystal spear hits you!!!
You die...
Fedhas appreciates your contribution to the ecosystem.

...[#......#..##.#'#...⌠..#,,**∆≈
...#'.#..":#.#.#..#..P8..#'.*,,∆≈
.#.##......#.##..#'#.⌠P...#,*,,∆≈
#'##....[.##...)..#......##∆∆∆∆∆≈
.#.########'#######÷.#.#.#*≈≈≈≈≈≈
..(.#......###...')##'#'##*******
...#'#...#.#,#.#.#(#.#.#.########
##..#..###.#..#..*.#......#......
...#'#.#...#,#*;@#.#..##.#'#.....
....#......#....#..#.#)#..#[.###.
######.#.#.#(..#,###.##..#'#.....
####*##'#+##)??,,,##......#......
≈≈≈≈##.#.#.########'########.#.#.
PPP≈##....).#......##[.....##'#)#
.⌠.≈#..#...#+#..##(#).....##.#.#.
...≈'#..#...#...#..#[...#.'#.....
P..≈#....#.#'#.##..#..†...#...##.


You could see a walking crystal tome (burning) and 2 living crystal spells.

Vanquished Creatures
  2 dread liches
  An ancient lich (Vaults:5)
  2 juggernauts (Depths:4)
  Sojobo (Vaults:2)
  Margery (Vaults:4)
  Saint Roka (Orc:2)
  2 caustic shrikes (Depths:4)
  Nikola (Elf:3)
  A golden dragon (Depths:4)
  A Brimstone Fiend (Depths:1)
  An Ice Fiend (Depths:1)
  2 tentacled monstrosities
  3 liches
  3 titans
  A walking crystal tome (Depths:4)
  Asterion (Elf:3)
  A deep elf blademaster (Elf:3)
  3 walking divine tomes
  2 walking frostbound tomes (Depths:4)
  A quicksilver dragon (Vaults:5)
  2 ancient champions (WizLab)
  8 sphinxes
  Polyphemus (Shoals:3)
  7 shadow dragons
  Ilsuiw (Shoals:3)
  5 storm dragons
  Kirke (D:14)
  10 tengu reavers
  2 revenants (WizLab)
  2 balrugs (Depths:1)
  12 frost giants
  2 deep elf sorcerers (Elf:3)
  A draconian knight (Depths:4)
  7 ghost moths
  5 fire giants
  2 orc warlords
  4 deep elf elementalists
  13 vault wardens
  A caustic shrike zombie (WizLab)
  7 emperor scorpions
  3 spriggan defenders (Depths:4)
  The ghost of Raitaz the Bludgeoner, a journeyman MiBe of Trog (Depths:3)
  5 war gargoyles
  19 ironbound preservers
  18 stone giants
  A deep elf demonologist (Elf:2)
  22 very ugly things
  4 entropy weavers
  2 vampire knights
  13 dire elephants
  A lorocyproca (Depths:1)
  A minotaur (Shoals:4)
  5 halazid warlocks (WizLab)
  6 deep elf annihilators
  5 spark wasps
  2 blizzard demons (Depths:1)
  5 fire dragons
  11 ettins
  5 merfolk javelineers
  6 deep elf death magi
  5 merfolk impalers
  A crystal guardian (Vaults:4)
  7 deep elf high priests
  11 yaktaur captains
  2 spriggan air magi (Depths:4)
  Josephine (D:11)
  3 ice dragons
  2 jiangshi (WizLab)
  Harold (D:7)
  8 great orbs of eyes
  5 ironbound thunderhulks
  2 peacekeepers
  Erolcha (Orc:1)
  An anaconda (shapeshifter) (Depths:1)
  29 vault guards
  3 alligator snapping turtles
  3 merfolk avatars
  Erica (D:11)
  7 boulder beetles
  6 hydras
  6 ironbound frosthearts
  12 satyrs
  3 catoblepae
  7 deep troll shamans
  3 ogre magi
  7 two-headed ogres
  6 death yaks
  2 merfolk aquamancers (Shoals:1)
  13 centaur warriors
  20 dancing weapons
  2 tengu warriors
  An orc high priest (Orc:2)
  Urug (Orc:1)
  A titan zombie (WizLab)
  4 spriggan berserkers
  5 sun demons (Depths:1)
  17 deep elf knights
  19 hell knights
  3 iron trolls
  A skeletal warrior (WizLab)
  Nergalle (D:10)
  3 spark wasp zombies
  6 sea snakes
  3 flayed ghosts
  A deep troll (shapeshifter) (Vaults:5)
  An orange crystal statue (Vaults:4)
  A golden dragon skeleton (Depths:2)
  7 necromancers
  49 deep trolls
  23 harpies
  18 ironbound convokers
  10 lindwurms
  A swamp dragon (shapeshifter) (Depths:4)
  11 wizards
  A lindwurm (shapeshifter) (D:14)
  11 phantasmal warriors
  25 deep elf pyromancers
  5 orc knights
  11 deep elf archers
  A spectral wolf spider (WizLab)
  20 orb spiders
  5 orc sorcerers
  25 deep elf zephyrmancers
  2 fire giant zombies (Depths:2)
  52 ugly things
  A human zombie (Vaults:1)
  35 wolf spiders
  A salamander (Depths:3)
  16 manticores
  13 elephants
  3 moths of wrath
  13 fauns
  A sphinx skeleton (Depths:2)
  A frost giant zombie (Depths:2)
  A spriggan zombie (Depths:2)
  A rust devil (Depths:1)
  Maurice (D:13)
  21 cyclopes
  A human skeleton (Vaults:1)
  5 merfolk sirens
  An elephant (shapeshifter) (Elf:2)
  3 black mambas
  4 water nymphs
  A guardian serpent (D:12)
  A torpor snail (Lair:2)
  3 molten gargoyles
  A black mamba (shapeshifter) (D:14)
  14 vault sentinels
  2 ice statues (IceCv)
  An orange demon (Depths:1)
  10 cane toads
  5 rime drakes
  An unseen horror (D:13)
  A kobold demonologist (D:10)
  5 freezing wraiths
  17 komodo dragons
  5 tengu conjurers
  2 efreet
  20 demonic crawlers
  2 hellwings (Depths:1)
  34 yaktaurs
  11 ice devils
  A queen bee (Lair:5)
  3 meliai (Lair:5)
  A red devil (Depths:1)
  26 jumping spiders
  A polar bear (shapeshifter) (D:14)
  A spectral harpy (WizLab)
  4 polar bears
  17 hornets
  Grinder (D:3)
  9 trolls
  A blink frog (shapeshifter) (D:14)
  A hornet (shapeshifter) (D:13)
  14 merfolk
  An iron dragon simulacrum (Depths:1)
  2 wind drakes
  35 slime creatures
  10 dream sheep
  An ettin zombie (Depths:1)
  4 raiju (Depths:2)
  A snapping turtle (shapeshifter) (Depths:4)
  21 blink frogs
  5 snapping turtles
  3 flying skulls (WizLab)
  54 redbacks
  23 tarantellas
  Sigmund (D:2)
  6 wraiths (D:11)
  2 shadows (D:12)
  21 water elementals
  13 spriggans
  5 air elementals
  An elf zombie (Vaults:1)
  5 wyverns
  51 yaks
  2 dire elephant simulacra (IceCv)
  4 fire elementals
  Grum (D:11)
  4 basilisks
  3 hogs (D:14)
  A chaos spawn (Depths:1)
  A steam dragon (Lair:2)
  7 vampire mosquitoes
  A death yak simulacrum (IceCv)
  Duvessa (D:7)
  7 wargs
  An acid dragon (D:13)
  19 water moccasins
  A hell hound (Spider:4)
  An ice beast (D:6)
  41 orc warriors
  3 black bears (Lair:6)
  A sky beast (D:5)
  A hornet zombie (D:9)
  19 ogres
  5 necrophages
  4 boggarts (Lair:6)
  69 wolves
  14 centaurs
  2 kobold brigands
  2 gnoll sergeants
  10 bullfrogs
  A human simulacrum (Vaults:1)
  A two-headed ogre simulacrum (IceCv)
  3 cane toad simulacra (IceCv)
  2 water moccasin zombies
  5 earth elementals
  A wyvern zombie (D:8)
  Dowan (D:7)
  An elephant simulacrum (IceCv)
  27 killer bees (Lair:5)
  5 electric eels
  3 howler monkeys (D:13)
  2 jellies (D:7)
  24 orc priests
  3 centaur zombies
  8 hounds
  2 centaur skeletons
  A gnoll shaman (D:9)
  Crazy Yiuf (D:7)
  Jessica (D:2)
  Natasha (thrice) (D:2)
  2 iguanas
  25 orc wizards
  2 troll simulacra (IceCv)
  3 spriggan simulacra
  2 wolf simulacra (IceCv)
  A howler monkey zombie (D:10)
  Robin (D:4)
  15 gnolls
  3 naga simulacra (IceCv)
  7 adders
  A howler monkey skeleton (D:4)
  18 white imps
  3 ufetubi
  A worm (D:4)
  A dart slug (D:1)
  112 orcs
  8 ball pythons
  10 endoplasms
  A giant cockroach (D:4)
  21 goblins
  12 hobgoblins
  A quokka (D:1)
  3 training dummies (Shoals:3)
  5 bats
  3 frilled lizards (D:1)
  19 kobolds
  5 rats
  15 butterflies (Vaults:2)
2007 creatures vanquished.

Vanquished Creatures (collateral kills)
  Mara (Depths:3)
  A juggernaut (Depths:3)
  A golden dragon (Vaults:5)
  3 tengu reavers
  An ancient champion (WizLab)
  A sphinx (Shoals:4)
  A revenant (WizLab)
  2 deep elf sorcerers (Elf:3)
  2 iron dragons (Vaults:5)
  A spectral caustic shrike (WizLab)
  5 deep elf elementalists (Elf:3)
  A reaper (IceCv)
  2 very ugly things (Depths:4)
  A bunyip (shapeshifter) (Vaults:5)
  3 deep elf annihilators (Elf:3)
  A spectral titan (WizLab)
  2 deep elf demonologists (Elf:3)
  A halazid warlock (WizLab)
  An eidolon (WizLab)
  A deep elf death mage (WizLab)
  A spectral quicksilver dragon (WizLab)
  A jiangshi (WizLab)
  A quicksilver dragon zombie (WizLab)
  A deep elf high priest (Vaults:5)
  2 yaktaur captains (Vaults:5)
  4 satyrs (Shoals:4)
  A merfolk aquamancer (Shoals:1)
  2 vault guards (Vaults:5)
  2 vampire magi (WizLab)
  4 dancing weapons (Elf:2)
  2 orc high priests (Orc:2)
  A sun demon (Depths:1)
  2 titan zombies (WizLab)
  A deep elf knight (Elf:2)
  A hell knight (Depths:4)
  A skeletal warrior (WizLab)
  A shadow wraith (WizLab)
  3 flayed ghosts (WizLab)
  A phantasmal warrior (WizLab)
  2 necromancers (WizLab)
  A wolf spider zombie (WizLab)
  2 orc sorcerers (Orc:2)
  2 spectral spriggans (WizLab)
  A cyclops (Shoals:4)
  3 manticores
  A water nymph (Shoals:4)
  A molten gargoyle (Depths:3)
  An ice devil (Depths:1)
  A water elemental (Shoals:1)
  10 flying skulls (WizLab)
  A warg (Orc:2)
  17 orc warriors
  2 ogres
  3 wolves (D:11)
  7 orc priests
  2 orc wizards (Orc:2)
  3 gnolls (D:10)
  17 orcs
  48 ballistomycete spores
189 creatures vanquished.

Vanquished Creatures (others)
  A golden dragon (Vaults:5)
  A tengu reaver (Vaults:1)
  A fire giant (Vaults:5)
  A deep elf annihilator (Elf:3)
  A deep elf high priest (Elf:3)
  A wizard (Vaults:4)
  An ironbound convoker (Vaults:3)
  A deep elf pyromancer (Elf:2)
  An ice devil (Depths:1)
  An ufetubus (IceCv)
  An orc (D:6)
  8 ballistomycete spores
  71 fungi
  138 plants
  A withered plant (D:9)
229 creatures vanquished.

Grand Total: 2425 creatures vanquished

Notes
Turn   | Place    | Note
-------+----------+-------------------------------------------
     0 | D:1      | kipponium the Gnoll Brigand began the quest for the Orb.
     0 | D:1      | Reached XP level 1. HP: 20/20 MP: 1/1
   259 | D:1      | Reached XP level 2. HP: 23/26 MP: 2/2
   571 | D:1      | Reached XP level 3. HP: 30/31 MP: 3/3
   888 | D:2      | Noticed Sigmund
   891 | D:2      | Killed Sigmund
   892 | D:2      | Reached skill level 1 in Long Blades
   892 | D:2      | Reached skill level 1 in Axes
   892 | D:2      | Reached skill level 1 in Maces & Flails
   892 | D:2      | Reached skill level 1 in Polearms
   892 | D:2      | Reached skill level 1 in Staves
   892 | D:2      | Reached skill level 1 in Slings
   892 | D:2      | Reached skill level 1 in Bows
   892 | D:2      | Reached skill level 1 in Crossbows
   892 | D:2      | Reached skill level 1 in Armour
   892 | D:2      | Reached skill level 1 in Shields
   892 | D:2      | Reached skill level 1 in Unarmed Combat
   892 | D:2      | Reached skill level 1 in Spellcasting
   892 | D:2      | Reached skill level 1 in Conjurations
   892 | D:2      | Reached skill level 1 in Hexes
   892 | D:2      | Reached skill level 1 in Summonings
   892 | D:2      | Reached skill level 1 in Necromancy
   892 | D:2      | Reached skill level 1 in Translocations
   892 | D:2      | Reached skill level 1 in Transmutations
   892 | D:2      | Reached skill level 1 in Fire Magic
   892 | D:2      | Reached skill level 1 in Ice Magic
   892 | D:2      | Reached skill level 1 in Air Magic
   892 | D:2      | Reached skill level 1 in Earth Magic
   892 | D:2      | Reached skill level 1 in Poison Magic
   892 | D:2      | Reached skill level 1 in Invocations
   892 | D:2      | Reached skill level 1 in Evocations
   892 | D:2      | Reached XP level 4. HP: 38/38 MP: 4/6
   892 | D:2      | Reached XP level 5. HP: 43/43 MP: 4/7
   989 | D:2      | Noticed Natasha
  1002 | D:2      | Killed Natasha
  1071 | D:2      | Noticed Jessica
  1099 | D:2      | Killed Jessica
  1100 | D:2      | Reached XP level 6. HP: 43/50 MP: 8/8
  1436 | D:2      | Noticed Natasha
  1495 | D:2      | Killed Natasha
  1539 | D:2      | Noticed Natasha
  1555 | D:2      | Killed Natasha
  1556 | D:2      | Reached skill level 5 in Fighting
  1556 | D:2      | Reached skill level 5 in Short Blades
  1556 | D:2      | Reached skill level 5 in Throwing
  1746 | D:2      | HP: 1/51 [something/magic dart (8)]
  2091 | D:3      | Found Uqis's Distillery.
  2102 | D:3      | Found Gutiqeufu's Jewellery Shop.
  2317 | D:3      | Found Ciwneem's Distillery.
  2598 | D:3      | Bought a potion of degeneration for 13 gold pieces
  2757 | D:3      | Found Bariyme's Antique Armour Shoppe.
  2793 | D:3      | Found Seal's General Store.
  2995 | D:3      | Reached XP level 7. HP: 43/56 MP: 10/10
  3195 | D:3      | Found a sparkling altar of Nemelex Xobeh.
  3306 | D:3      | Noticed Grinder
  3312 | D:3      | Killed Grinder
  3860 | D:4      | Noticed Robin
  3919 | D:4      | Killed Robin
  4067 | D:4      | Reached XP level 8. HP: 24/63 MP: 5/12
  4289 | D:4      | Found Udakhly's Distillery.
  4681 | D:4      | Found a snail-covered altar of Cheibriados.
  4684 | D:4      | Found an iron altar of Okawaru.
  4684 | D:4      | Found a shimmering altar of Xom.
  4686 | D:4      | Found a blossoming altar of Fedhas.
  4686 | D:4      | Found a shimmering altar of Xom.
  4686 | D:4      | Found a burning altar of Makhleb.
  4878 | D:5      | Entered Level 5 of the Dungeon
  4907 | D:5      | Identified the +6 hunting sling of the Freezing Madman
                  | {vorpal, rPois Will++}
  6071 | D:6      | Found a radiant altar of Vehumet.
  6192 | D:6      | Found a shadowy altar of Dithmenos.
  6202 | D:6      | Reached XP level 9. HP: 45/69 MP: 8/14
  6480 | D:6      | Found a staircase to the Ecumenical Temple.
  6600 | Temple   | Entered the Ecumenical Temple
  6977 | D:6      | Noticed a two-headed ogre
  6988 | D:6      | Killed a two-headed ogre
  6989 | D:6      | Reached skill level 5 in Dodging
  7106 | D:6      | Noticed a cyclops
  7117 | D:6      | Killed a cyclops
  7118 | D:6      | Reached skill level 5 in Invocations
  7376 | D:7      | Noticed Harold
  7384 | D:7      | Killed Harold
  7385 | D:7      | Reached skill level 5 in Long Blades
  7385 | D:7      | Reached skill level 5 in Axes
  7385 | D:7      | Reached skill level 5 in Maces & Flails
  7385 | D:7      | Reached skill level 5 in Polearms
  7385 | D:7      | Reached skill level 5 in Staves
  7385 | D:7      | Reached skill level 5 in Slings
  7385 | D:7      | Reached skill level 5 in Bows
  7385 | D:7      | Reached skill level 5 in Crossbows
  7385 | D:7      | Reached skill level 5 in Armour
  7385 | D:7      | Reached skill level 5 in Shields
  7385 | D:7      | Reached skill level 5 in Unarmed Combat
  7385 | D:7      | Reached skill level 5 in Spellcasting
  7385 | D:7      | Reached skill level 5 in Evocations
  7385 | D:7      | Reached XP level 10. HP: 63/77 MP: 13/17
  7455 | D:7      | Found Qiul Yhosunk's Antique Weapon Shoppe.
  7456 | D:7      | Found Yrutsyon's Magic Scroll Shoppe.
  7457 | D:7      | Found Fiudoom's Armour Shoppe.
  7457 | D:7      | Found Heubok's Weapon Shoppe.
  7473 | D:7      | Bought a smoking dagger for 126 gold pieces
  7473 | D:7      | Identified the +8 dagger of Exhibitionism {venom, rPois
                  | Str+5} (You bought it in a shop on level 7 of the Dungeon)
  7508 | D:7      | You fall into a shaft and drop 2 floors!
  7528 | D:9      | Found Kecot's Elemental Accessories.
  7543 | D:9      | Found a flagged portal.
  7578 | Bailey   | Entered a bailey
  7578 | Bailey   | Noticed an orc knight
  7579 | Bailey   | Noticed an orc knight
  7648 | Bailey   | Killed an orc knight
  7674 | Bailey   | Killed an orc knight
  7983 | Bailey   | Noticed an orc knight
  7998 | Bailey   | Killed an orc knight
  8290 | D:7      | Noticed Dowan
  8293 | D:7      | Noticed Duvessa
  8294 | D:7      | Killed Dowan
  8297 | D:7      | Killed Duvessa
  8308 | D:7      | Reached XP level 11. HP: 84/84 MP: 19/19
  8336 | D:7      | Found a runed translucent door.
  8337 | D:7      | Noticed Crazy Yiuf
  8676 | D:7      | Found a blossoming altar of Fedhas.
  8680 | D:7      | Became a worshipper of Fedhas Madash
  8768 | D:7      | Killed Crazy Yiuf
  9102 | D:8      | Found a runed translucent gate.
  9104 | D:8      | Found a runed translucent gate.
  9104 | D:8      | Found an opulent altar of Gozag.
  9105 | D:8      | Found a runed translucent gate.
  9107 | D:8      | Noticed sn0wgr3's ghost (novice GrFi)
  9108 | D:8      | Noticed a deep elf pyromancer
  9342 | D:8      | Noticed an orb spider
  9371 | D:8      | Reached skill level 5 in Conjurations
  9371 | D:8      | Reached skill level 5 in Hexes
  9371 | D:8      | Reached skill level 5 in Summonings
  9371 | D:8      | Reached skill level 5 in Necromancy
  9371 | D:8      | Reached skill level 5 in Translocations
  9371 | D:8      | Reached skill level 5 in Transmutations
  9371 | D:8      | Reached skill level 5 in Fire Magic
  9371 | D:8      | Reached skill level 5 in Ice Magic
  9371 | D:8      | Reached skill level 5 in Air Magic
  9371 | D:8      | Reached skill level 5 in Earth Magic
  9371 | D:8      | Reached skill level 5 in Poison Magic
  9405 | D:8      | Found a glowing golden altar of the Shining One.
  9476 | D:8      | Found a broken altar of Ashenzari.
  9611 | D:9      | Reached * piety under Fedhas
  9768 | D:9      | Reached skill level 10 in Stealth
 10028 | D:9      | Found a bloodstained altar of Trog.
 10039 | D:9      | Found an ancient bone altar of Kikubaaqudgha.
 10098 | D:9      | Found a white marble altar of Elyvilon.
 10111 | D:9      | Noticed a deep elf pyromancer
 10123 | D:9      | Killed a deep elf pyromancer
 10294 | D:9      | Found a bloodstained altar of Trog.
 10829 | D:10     | Entered Level 10 of the Dungeon
 11011 | D:10     | Reached ** piety under Fedhas
 11012 | D:10     | Found a staircase to the Lair.
 11012 | D:10     | Noticed Nergalle
 11452 | D:10     | Killed Nergalle
 11891 | D:10     | Reached XP level 12. HP: 71/94 MP: 15/22
 12568 | D:11     | Noticed Grum
 12596 | D:11     | Killed Grum
 12773 | D:11     | Noticed Erica
 12779 | D:11     | Killed Erica
 12918 | D:11     | Reached *** piety under Fedhas
 13294 | D:11     | Noticed Josephine
 13320 | D:11     | Killed Josephine
 14356 | D:11     | Noticed a six-headed hydra
 14496 | D:11     | Killed a three-headed hydra
 15093 | Lair:1   | Entered Level 1 of the Lair of Beasts
 15546 | Lair:1   | Reached **** piety under Fedhas
 16207 | Lair:2   | Reached XP level 13. HP: 66/101 MP: 17/24
 16972 | Lair:1   | Learned a level 3 spell: Ignite Poison
 16977 | Lair:1   | Learned a level 4 spell: Sticky Flame
 17559 | Lair:2   | Learned a level 5 spell: Freezing Cloud
 17696 | Lair:2   | Found a hole to the Spider Nest.
 18605 | Lair:2   | Learned a level 3 spell: Confusing Touch
 19234 | Lair:3   | Found a staircase to the Shoals.
 19264 | Lair:3   | Reached ***** piety under Fedhas
 21134 | Lair:5   | Reached skill level 10 in Fighting
 21134 | Lair:5   | Reached skill level 10 in Short Blades
 21134 | Lair:5   | Reached skill level 10 in Throwing
 21134 | Lair:5   | Reached XP level 14. HP: 72/110 MP: 7/26
 21437 | Lair:5   | Identified the +2 cloak "Pahido" {Str+2}
 22226 | Lair:5   | Reached ****** piety under Fedhas
 22593 | Lair:5   | Reached skill level 10 in Invocations
 22894 | Lair:6   | Entered Level 6 of the Lair of Beasts
 22942 | Lair:6   | Found a frozen archway.
 23141 | IceCv    | Entered an ice cave
 23635 | IceCv    | Identified the +2 pair of boots of Ignis's Esteem {Dex+5}
 23933 | IceCv    | Identified the ring of Ilajuip {rC+ Int+4}
 23933 | IceCv    | Noticed a reaper
 23941 | IceCv    | Killed a reaper
 24496 | Lair:6   | Found an ornate altar of the Wu Jian Council.
 24572 | Lair:6   | Found a staircase to the Slime Pits.
 24572 | Lair:6   | Found a viscous altar of Jiyva.
 25195 | Lair:6   | Reached skill level 10 in Dodging
 25220 | Lair:6   | Noticed a dire elephant
 25229 | Lair:6   | Killed a dire elephant
 25724 | Lair:6   | Reached XP level 15. HP: 115/117 MP: 28/28
 26595 | Lair:6   | Identified the +2 cloak of Summer {Regen+ SInv}
 27178 | D:12     | Reached skill level 10 in Long Blades
 27178 | D:12     | Reached skill level 10 in Axes
 27178 | D:12     | Reached skill level 10 in Maces & Flails
 27178 | D:12     | Reached skill level 10 in Polearms
 27178 | D:12     | Reached skill level 10 in Staves
 27178 | D:12     | Reached skill level 10 in Slings
 27178 | D:12     | Reached skill level 10 in Bows
 27178 | D:12     | Reached skill level 10 in Crossbows
 27178 | D:12     | Reached skill level 10 in Armour
 27178 | D:12     | Reached skill level 10 in Shields
 27178 | D:12     | Reached skill level 10 in Unarmed Combat
 27178 | D:12     | Reached skill level 10 in Spellcasting
 27178 | D:12     | Reached skill level 10 in Evocations
 27720 | D:12     | Identified the ring of Ru's Benevolence {rN++ Str+4 Int-4
                  | SInv}
 27960 | D:12     | Found a staircase to the Orcish Mines.
 28705 | Orc:1    | Entered Level 1 of the Orcish Mines
 28705 | Orc:1    | Noticed Urug
 28706 | Orc:1    | You fall into a shaft and drop 1 floor!
 28706 | Orc:2    | Entered Level 2 of the Orcish Mines
 28964 | Orc:2    | Found Emiof Xujypn's Antique Armour Shoppe.
 29018 | Orc:2    | Found a staircase to the Elven Halls.
 29236 | Orc:1    | Noticed Erolcha
 29244 | Orc:1    | Killed Erolcha
 29372 | Orc:1    | Killed Urug
 29578 | Orc:1    | Got the Handbook of Fetching Changing
 30206 | Orc:1    | Noticed a frost giant
 30224 | Orc:1    | Killed a frost giant
 30258 | Orc:1    | Identified the +10 short sword of Purpose {freeze, *Slow
                  | MP+9 SInv}
 30261 | Orc:1    | Identified the +7 scimitar of Miqaro {drain, rElec Str+3
                  | Dex+4}
 30299 | Orc:1    | Identified the +5 short sword of Yzumnash {vorpal, rElec
                  | rPois Str-2 Int+2}
 30302 | Orc:1    | Got the Incunabulum of Orientation and Combat Magic
 30378 | Orc:1    | Learned a level 5 spell: Yara's Violent Unravelling
 30416 | Orc:1    | Reached XP level 16. HP: 126/126 MP: 25/30
 30842 | Orc:2    | Noticed Saint Roka
 30878 | Orc:2    | Killed Saint Roka
 31425 | Orc:2    | Found Seemnist's Antique Armour Emporium.
 31433 | Orc:2    | Found Qeyxom's Antique Weapon Shoppe.
 31656 | Orc:2    | Found Devvyadd's Weapon Shop.
 32001 | D:12     | Upgraded the game from 0.28-a0-595-g9f6c0e134a to
                  | 0.28-a0-612-gcfc00ec14d
 32227 | D:13     | Noticed Maurice
 32237 | D:13     | Killed Maurice
 32814 | D:14     | Found the necklace of Bloodlust {*Rage Will++ Int-3 Slay+6}
 33259 | D:14     | Found a gate to the Vaults.
 33793 | D:14     | Learned a level 3 spell: Dazzling Flash
 33796 | D:14     | Learned a level 2 spell: Wereblood
 33809 | D:14     | Found a white marble altar of Elyvilon.
 33850 | D:14     | Noticed Kirke
 33869 | D:14     | Killed Kirke
 34353 | D:15     | Entered Level 15 of the Dungeon
 34615 | D:15     | Found a staircase to the Depths.
 34738 | D:15     | Identified the +8 halberd of Propriety {vamp, rElec rF-
                  | rN+}
 34816 | D:15     | Reached XP level 17. HP: 127/133 MP: 29/32
 35067 | D:15     | Found Sumesog's Jewellery Boutique.
 35604 | Spider:1 | Entered Level 1 of the Spider Nest
 37241 | Spider:2 | You fall into a shaft and drop 1 floor!
 37588 | Spider:2 | Reached skill level 10 in Conjurations
 37588 | Spider:2 | Reached skill level 10 in Hexes
 37588 | Spider:2 | Reached skill level 10 in Summonings
 37588 | Spider:2 | Reached skill level 10 in Necromancy
 37588 | Spider:2 | Reached skill level 10 in Translocations
 37588 | Spider:2 | Reached skill level 10 in Transmutations
 37588 | Spider:2 | Reached skill level 10 in Fire Magic
 37588 | Spider:2 | Reached skill level 10 in Ice Magic
 37588 | Spider:2 | Reached skill level 10 in Air Magic
 37588 | Spider:2 | Reached skill level 10 in Earth Magic
 37588 | Spider:2 | Reached skill level 10 in Poison Magic
 37727 | Spider:2 | Paralysed by a hornet for 2 turns
 38965 | Spider:4 | Entered Level 4 of the Spider Nest
 38981 | Spider:4 | Learned a level 4 spell: Hailstorm
 39574 | Spider:4 | Reached XP level 18. HP: 141/142 MP: 26/34
 41092 | Spider:4 | Got a gossamer rune of Zot
 41570 | Shoals:1 | Entered Level 1 of the Shoals
 41923 | Shoals:1 | Identified the +11 falchion of Distant Worlds {vorpal,
                  | Int+2}
 41993 | Shoals:1 | Found Cejet's Distillery.
 42760 | Shoals:2 | Found a one-way gate to the infinite horrors of the Abyss.
 42760 | Shoals:2 | Noticed Doifril's ghost (journeyman MiBe)
 42884 | Shoals:2 | Found a transporter.
 42975 | Shoals:2 | Found a transporter.
 43797 | Shoals:3 | Noticed Ilsuiw
 43855 | Shoals:3 | Noticed Polyphemus
 43875 | Shoals:3 | Killed Polyphemus
 44022 | Shoals:3 | Found Osuemib's Firing Range.
 44035 | Shoals:3 | Killed Ilsuiw
 44448 | Shoals:3 | Found Eklemo's General Store.
 44485 | Shoals:3 | Reached XP level 19. HP: 150/150 MP: 35/35
 44757 | Shoals:4 | Entered Level 4 of the Shoals
 45301 | Shoals:4 | Reached skill level 15 in Stealth
 45582 | Shoals:4 | Paralysed by a sphinx for 5 turns
 45880 | Shoals:4 | Got a barnacled rune of Zot
 45882 | Shoals:4 | Identified the ring "Usuzxargh" {rF+ rCorr Stlth+}
 46298 | Orc:2    | Bought a scorched tower shield for 266 gold pieces
 46298 | Orc:2    | Identified the +0 tower shield of the Buccaneer {Dex+3}
                  | (You bought it in a shop on level 2 of the Orcish Mines)
 46483 | Vaults:1 | Entered Level 1 of the Vaults
 46644 | Vaults:1 | Found a magical portal.
 46663 | WizLab   | Entered Borgnjor's Mausoleum
 47046 | WizLab   | Reached XP level 20. HP: 140/159 MP: 18/37
 47465 | WizLab   | Got Borgnjor's Almanac of Stolen Souls
 47528 | WizLab   | Learned a level 4 spell: Dispel Undead
 48178 | Vaults:1 | Found a huge runed gate.
 48178 | Vaults:1 | Found a huge runed gate.
 48178 | Vaults:1 | Found a huge runed gate.
 48178 | Vaults:1 | Found a huge runed gate.
 48178 | Vaults:1 | Found a huge runed gate.
 48178 | Vaults:1 | Found a huge runed gate.
 48178 | Vaults:1 | Found a huge runed gate.
 48179 | Vaults:1 | Found a huge runed gate.
 48179 | Vaults:1 | Found a huge runed gate.
 48179 | Vaults:1 | Found a huge runed gate.
 48184 | Vaults:1 | Found a huge runed gate.
 48184 | Vaults:1 | Found a huge runed gate.
 48184 | Vaults:1 | Found a huge runed gate.
 48184 | Vaults:1 | Found a huge runed gate.
 48184 | Vaults:1 | Found a huge runed gate.
 48184 | Vaults:1 | Found a huge runed gate.
 48185 | Vaults:1 | Found a huge runed gate.
 48186 | Vaults:1 | Found a huge runed gate.
 48187 | Vaults:1 | Found a huge runed gate.
 48195 | Vaults:1 | Found a huge runed gate.
 48195 | Vaults:1 | Found a huge runed gate.
 48195 | Vaults:1 | Found a huge runed gate.
 48195 | Vaults:1 | Found a huge runed gate.
 48195 | Vaults:1 | Found a huge runed gate.
 48195 | Vaults:1 | Found a huge runed gate.
 48195 | Vaults:1 | Found a huge runed gate.
 48196 | Vaults:1 | Found a huge runed gate.
 48197 | Vaults:1 | Found a huge runed gate.
 48205 | Vaults:1 | Found a huge runed gate.
 48205 | Vaults:1 | Found a huge runed gate.
 48205 | Vaults:1 | Found a huge runed gate.
 48205 | Vaults:1 | Found a huge runed gate.
 48205 | Vaults:1 | Found a huge runed gate.
 48205 | Vaults:1 | Found a huge runed gate.
 48205 | Vaults:1 | Found a huge runed gate.
 48206 | Vaults:1 | Found a huge runed gate.
 48941 | Vaults:1 | Reached skill level 15 in Invocations
 49610 | Vaults:2 | Found a runed translucent door.
 49612 | Vaults:2 | Noticed Totups's ghost (adept DjVM)
 49888 | Vaults:2 | Found Laur Sodgh's Distillery.
 49898 | Vaults:2 | Bought a potion of berserk rage for 75 gold pieces
 50134 | Vaults:2 | Noticed Sojobo
 50154 | Vaults:2 | Killed Sojobo
 50315 | Vaults:2 | Found a huge runed gate.
 50316 | Vaults:2 | Found a huge runed gate.
 50316 | Vaults:2 | Found a huge runed gate.
 50316 | Vaults:2 | Found a huge runed gate.
 50316 | Vaults:2 | Found a huge runed gate.
 50316 | Vaults:2 | Found a huge runed gate.
 50316 | Vaults:2 | Found a huge runed gate.
 50316 | Vaults:2 | Found a huge runed gate.
 50317 | Vaults:2 | Found a huge runed gate.
 50317 | Vaults:2 | Found a huge runed gate.
 50317 | Vaults:2 | Found a huge runed gate.
 50317 | Vaults:2 | Found a huge runed gate.
 50317 | Vaults:2 | Found a huge runed gate.
 50318 | Vaults:2 | Found a huge runed gate.
 50319 | Vaults:2 | Found a huge runed gate.
 50320 | Vaults:2 | Found a huge runed gate.
 50321 | Vaults:2 | Found a huge runed gate.
 50334 | Vaults:2 | Found a huge runed gate.
 50334 | Vaults:2 | Found a huge runed gate.
 50334 | Vaults:2 | Found a huge runed gate.
 50334 | Vaults:2 | Found a huge runed gate.
 50334 | Vaults:2 | Found a huge runed gate.
 50334 | Vaults:2 | Found a huge runed gate.
 50335 | Vaults:2 | Found a huge runed gate.
 50336 | Vaults:2 | Found a huge runed gate.
 50337 | Vaults:2 | Found a huge runed gate.
 50346 | Vaults:2 | Found a huge runed gate.
 50346 | Vaults:2 | Found a huge runed gate.
 50346 | Vaults:2 | Found a huge runed gate.
 50346 | Vaults:2 | Found a huge runed gate.
 50346 | Vaults:2 | Found a huge runed gate.
 50346 | Vaults:2 | Found a huge runed gate.
 50347 | Vaults:2 | Found a huge runed gate.
 50348 | Vaults:2 | Found a huge runed gate.
 50349 | Vaults:2 | Found a huge runed gate.
 50357 | Vaults:2 | Found a huge runed gate.
 50421 | Vaults:2 | Reached XP level 21. HP: 167/167 MP: 37/39
 51351 | Vaults:3 | Found Haxittuc's Antique Armour Emporium.
 51357 | Vaults:3 | Bought a pair of runed boots for 225 gold pieces
 51357 | Vaults:3 | Bought a smoking leather armour for 210 gold pieces
 51357 | Vaults:3 | Identified the +4 leather armour of Oblivion {Int+3} (You
                  | bought it in a shop on level 3 of the Vaults)
 51734 | Vaults:3 | Reached skill level 15 in Fighting
 51734 | Vaults:3 | Reached skill level 15 in Short Blades
 51734 | Vaults:3 | Reached skill level 15 in Throwing
 51881 | Vaults:3 | Noticed a dread lich
 51892 | Vaults:3 | Paralysed by a dread lich for 3 turns
 52110 | Vaults:3 | Paralysed by a dread lich for 4 turns
 52131 | Vaults:3 | Killed a dread lich
 52422 | Vaults:3 | Found a staircase to the Crypt.
 52422 | Vaults:3 | Found a basalt altar of Yredelemnul.
 52422 | Vaults:3 | Found an ancient bone altar of Kikubaaqudgha.
 53433 | Vaults:4 | Noticed Margery
 53461 | Vaults:4 | Killed Margery
 53873 | Vaults:4 | Reached skill level 15 in Dodging
 53983 | Vaults:4 | Reached XP level 22. HP: 158/176 MP: 36/40
 54098 | Vaults:4 | Found Guhiru Tofuo's Jewellery Boutique.
 54984 | Vaults:4 | Identified the +1 leather armour of Misanthropy {rElec rN+}
 55050 | Vaults:4 | Learned a level 5 spell: Lee's Rapid Deconstruction
 55416 | Elf:1    | Entered Level 1 of the Elven Halls
 55576 | Elf:1    | Reached skill level 15 in Long Blades
 55576 | Elf:1    | Reached skill level 15 in Axes
 55576 | Elf:1    | Reached skill level 15 in Maces & Flails
 55576 | Elf:1    | Reached skill level 15 in Polearms
 55576 | Elf:1    | Reached skill level 15 in Staves
 55576 | Elf:1    | Reached skill level 15 in Slings
 55576 | Elf:1    | Reached skill level 15 in Bows
 55576 | Elf:1    | Reached skill level 15 in Crossbows
 55576 | Elf:1    | Reached skill level 15 in Armour
 55576 | Elf:1    | Reached skill level 15 in Shields
 55576 | Elf:1    | Reached skill level 15 in Unarmed Combat
 55576 | Elf:1    | Reached skill level 15 in Spellcasting
 55576 | Elf:1    | Reached skill level 15 in Evocations
 56502 | Elf:2    | Found a large runed translucent door.
 56502 | Elf:2    | Found a large runed translucent door.
 56655 | Elf:2    | Found a large runed translucent door.
 56655 | Elf:2    | Found a large runed translucent door.
 56655 | Elf:2    | Noticed Sompag's ghost (adept DrVM)
 56656 | Elf:2    | Found a large runed translucent door.
 56656 | Elf:2    | Found a large runed translucent door.
 56657 | Elf:2    | Found a large runed translucent door.
 56657 | Elf:2    | Found a large runed translucent door.
 57000 | Elf:2    | Found a huge runed translucent gate.
 57000 | Elf:2    | Found a huge runed translucent gate.
 57000 | Elf:2    | Found a huge runed translucent gate.
 57000 | Elf:2    | Found a huge runed translucent gate.
 57000 | Elf:2    | Found a huge runed translucent gate.
 57930 | Elf:3    | Entered Level 3 of the Elven Halls
 58209 | Elf:3    | Found the +27 Lear's hauberk
 58248 | Elf:3    | Identified the +12 rapier "Imioff" {distort, *Rage rF+
                  | Int+2 Stlth+}
 58262 | Elf:3    | Reached XP level 23. HP: 124/184 MP: 3/42
 58500 | Elf:3    | Identified the +1 robe of Imoitapn {Contam Stlth+ Archmagi}
 58598 | Elf:3    | Got the Catalogue of Execration
 58599 | Elf:3    | Identified the +2 dagger "Tudany" {venom, Drain rN+ Dex+3}
 58606 | Elf:3    | Identified the +1 hand crossbow of the Endless March {elec,
                  | rPois rF++ rN+}
 58607 | Elf:3    | Identified the +6 falchion of the Extremely Mad {vorpal,
                  | Dex+4 Stlth+}
 58617 | Elf:3    | Identified the +7 plate armour "Oluwn" {rElec MP+9 Dex-5}
 58619 | Elf:3    | Got the Papyrus of the Frostbite
 58735 | Elf:3    | Identified the +0 plate armour of the Vestibule of Hell
                  | {rCorr MP-9 Dex+2}
 58906 | Elf:3    | Found Moefom's Antique Weapon Shoppe.
 59312 | Elf:3    | Noticed Asterion
 59395 | Elf:3    | Gained mutation: Your magical capacity is low. (-10% MP) [a
                  | cacodemon]
 59451 | Elf:3    | Noticed Nikola
 59468 | Elf:3    | Killed Nikola
 59666 | Elf:3    | Killed Asterion
 60080 | Depths:1 | Entered Level 1 of the Depths
 60270 | Vaults:5 | Entered Level 5 of the Vaults
 60284 | Vaults:5 | Noticed a golden dragon
 60554 | Vaults:5 | Killed a golden dragon
 61317 | Vaults:5 | Noticed an ancient lich
 61334 | Vaults:5 | Killed an ancient lich
 61342 | Vaults:5 | Identified the amulet "Kuikh" {RegenMP Str+4}
 61789 | Vaults:5 | Noticed a golden dragon
 61802 | Vaults:5 | Killed a golden dragon
 61976 | Vaults:5 | Identified the +7 war axe "Dockeennuo" {vamp, rCorr Int+2}
 62404 | Vaults:5 | Noticed a dread lich
 62410 | Vaults:5 | Killed a dread lich
 62961 | Vaults:5 | Reached XP level 24. HP: 193/193 MP: 34/38
 63062 | Vaults:5 | Identified the ring of Activism {rPois Slay+4 Stlth-}
 63545 | Vaults:5 | Got a silver rune of Zot
 64013 | Depths:1 | Upgraded the game from 0.28-a0-612-gcfc00ec14d to
                  | 0.28-a0-628-g3c9886e45e
 64464 | Depths:1 | Found a one-way gate leading to the halls of Pandemonium.
 64912 | Depths:1 | Found a gateway to Hell.
 65072 | Depths:1 | Found a runed translucent gate.
 65072 | Depths:1 | Found a runed translucent gate.
 65072 | Depths:1 | Found a runed translucent gate.
 65072 | Depths:1 | Found a runed translucent gate.
 65072 | Depths:1 | Found a runed translucent gate.
 65072 | Depths:1 | Found a runed translucent gate.
 65072 | Depths:1 | Found the +2 Maxwell's thermic engine {flame, freeze}
 65241 | Depths:1 | Found a hide-covered altar of Uskayaw.
 66318 | Depths:2 | Learned a level 6 spell: Death Channel
 67410 | Depths:2 | Found the +8 arc blade {discharge, rElec}
 67744 | Depths:3 | Found a corrupted altar of Lugonu.
 67749 | Depths:3 | Found a gateway to a ziggurat.
 67869 | Depths:3 | Found a flickering gateway to a bazaar.
 67880 | Bazaar   | Entered a bazaar
 67886 | Bazaar   | Found Rewnyble's Distillery.
 67886 | Bazaar   | Found Zaogatuu's Weapon Boutique.
 68127 | Bazaar   | Found Rigooqil's Antique Armour Shop.
 68235 | Bazaar   | Bought a warped buckler for 256 gold pieces
 68235 | Bazaar   | Identified the -6 buckler "Emec" {rPois Dex+6} (You bought
                  | it in a shop in a bazaar)
 68243 | Bazaar   | Found Nubeor's Assorted Antiques.
 68248 | Bazaar   | Bought a wand of acid (5) for 216 gold pieces
 68248 | Bazaar   | Bought a potion of curing for 81 gold pieces
 68263 | Bazaar   | Bought a potion of resistance for 80 gold pieces
 68263 | Bazaar   | Bought a potion of haste for 80 gold pieces
 68263 | Bazaar   | Bought a potion of haste for 80 gold pieces
 68269 | Bazaar   | Bought the +6 hand crossbow "Waor Kaunob" {flame, Will++
                  | Str+2 Dex-3 SInv} for 914 gold pieces
 68908 | Depths:3 | Found a large runed translucent door.
 68908 | Depths:3 | Found a large runed translucent door.
 68910 | Depths:3 | Noticed Raitaz's ghost (journeyman MiBe)
 69513 | Depths:3 | Killed Raitaz's ghost
 69559 | Depths:3 | Identified the amulet "Ucuheudy" {Regen+ Int+4 Dex+4
                  | Stlth-}
 69787 | Depths:3 | Noticed Mara
 69812 | Depths:3 | Noticed kipponium's illusion
 69817 | Depths:3 | Noticed a juggernaut
 69822 | Depths:3 | Killed Mara
 69960 | Depths:2 | Learned a level 7 spell: Haunt
 70071 | Depths:3 | Killed a juggernaut
 70438 | Depths:3 | Identified the +3 leather armour of Utotedann {rElec Dex+4
                  | Stlth-}
 70441 | Depths:3 | Got the Tome of Transmutation and Envenoming
 70507 | Depths:4 | Entered Level 4 of the Depths
 70784 | Depths:4 | Noticed a juggernaut
 70844 | Depths:4 | Killed a juggernaut
 70845 | Depths:4 | Reached XP level 25. HP: 105/194 MP: 18/39
 71208 | Depths:4 | Found a gate to the Realm of Zot.
 71305 | Depths:4 | Found a broken altar of Ashenzari.
 71305 | Depths:4 | Found a broken altar of Ashenzari.
 71306 | Depths:4 | Found a broken altar of Ashenzari.
 72076 | Depths:4 | Noticed a juggernaut
 72125 | Depths:4 | Killed a juggernaut
 72674 | Depths:4 | Identified the ring of Sif Muna's Anger {*Slow rC+ Str+4
                  | Slay+3}
 72675 | Depths:4 | Reached skill level 15 in Air Magic
 72767 | Depths:4 | Killed from afar by a living spell

Illustrated notes

Levels and vault maps discovered:
D:1:      dpeg_arrival_morbid_curiosity, layout_rooms
D:2:      layout_loops_ring, uniq_natasha, uniq_jessica, uniq_sigmund
D:3:      layout_rooms, nemelex_spade_bored_becter, serial_aquarium,
          aquarium_bridge_island_large [aquarium_subvault_large_open,
          aquarium_subvault_bridge, aquarium_subvault_balcony,
          aquarium_subvault_window, aquarium_subvault_window],
          aquarium_window_fake, aquarium_window_1, aquarium_window_1,
          aquarium_view_2c, aquarium_view_2e, aquarium_balcony_3a,
          aquarium_pool_2, serial_shops, shop, shop, nicolae_diamond_shop,
          nicolae_shop_behind_doors, nicolae_shop_behind_doors,
          minmay_stone_trees_small, eino_tiny_chamber, roderic_three_in_a_row,
          minmay_misc_feat_hallway, minmay_misc_feat_plants, minmay_bisected,
          uniq_grinder
D:4:      layout_loops_corners, doesnt_xom_only_xom, serial_shops, shop_coins,
          uniq_robin
D:5:      layout_basic
D:6:      cheibrodos_two_vegetables, layout_rooms,
          nicolae_overflow_hidden_temple, vehumet_crystals,
          minmay_temple_entry_antechambers, minmay_misc_feat_rugged
D:7:      layout_loops_cross, mainiacjoe_overflow_alcove_4,
          minmay_shop_grid_forest, uniq_duvessa, uniq_harold,
          uniq_crazy_yiuf_cottage
D:8:      layout_basic, kennysheep_little_box,
          mainiacjoe_overflow_concentric_impassable, ebering_ghost_gozag
D:9:      layout_irregular_city, mainiacjoe_overflow_24_doors,
          kiku_gazebo_garden_becter, kennysheep_mini, enter_bailey_3,
          nicolae_elemental_shop, david_defended_altar_orc
D:10:     layout_loops_corners, erik_lair_island, uniq_nergalle
D:11:     layout_gridville, special_room [special_room_orc], uniq_grum,
          uniq_josephine, uniq_erica
D:12:     layout_layer_cave, david_orc_5, minmay_crystal_water,
          fake_guardian_serpent_vault
D:13:     layout_basic, uniq_maurice
D:14:     kennysheep_scales, layout_basic, david_vaults_2, elyvilon_altar_1,
          minmay_microvault, uniq_kirke
D:15:     hangedman_depths_entry_civil_slaughter, layout_stronghold,
          serial_shops, nicolae_diamond_shop
Temple:   minmay_temple_bridge_abc
Lair:1:   layout_roguey
Lair:2:   layout_cave_pods, nicolae_spider_entry_orb_guardian,
          grunt_megastairs_2
Lair:3:   layout_regular_city, elwin_shoals_entry_rocks, grunt_megastairs_1
Lair:4:   layout_gridlike
Lair:5:   regret_index_tunnel_blossom, layout_misc_corridors, st_stairs_7
Lair:6:   minmay_lair_end_enchanted_forest, layout_regular_city, slime_altar_1,
          basic_altar, portal_ice_cave_entry_imps, grunt_forest_large_clearings
Shoals:1: layout_shoals, serial_shops, nicolae_shop_window_shopping
Shoals:2: gammafunk_ghost_abyssal_escape, layout_shoals,
          nicolae_shoals_flooded_hall
Shoals:3: layout_shoals, serial_shops, nicolae_shop_stone,
          nicolae_shop_firing_range, uniq_ilsuiw, uniq_polyphemus
Shoals:4: shoals_end_hellmonk_lost_city
Spider:1: layout_spider_delve
Spider:2: layout_spider_delve, nicolae_spider_claw_tunnel
Spider:3: layout_spider_delve
Spider:4: guppyfry_spider_rune, beargit_elvish_explorers
Orc:1:    giant_chief_lemuel, layout_caves, library_closet, uniq_erolcha,
          uniq_urug
Orc:2:    grunt_orc_community_town_hall, layout_diamond_mine,
          grunt_orc_community_big_house_1, grunt_orc_community_big_house_2,
          grunt_orc_community_house_2, grunt_orc_community_house_3,
          grunt_orc_community_house_3, grunt_orc_community_house_1,
          grunt_orc_community_house_1, minmay_orc_temple_c, uniq_saint_roka
Elf:1:    elf_arrival_001, layout_loops_cross
Elf:2:    elven_hall_of_blades_hangedman_alternative
          [nicolae_blade_entry_sentries_behind_glass], layout_loops_ring,
          advil_vaults_ghost_lines
Elf:3:    minmay_elf_hall_dome, layout_onion_city, serial_shops,
          nicolae_shop_overgrown_old_shop, serial_sigils_hangedman_gnaw,
          uniq_nikola, uniq_asterion
Vaults:1: vaults_door_vault, nicolae_vaults_circle_grid_a,
          ontoclasm_vaults_misaligned, vaults_room_hallway,
          ontoclasm_vaults_ring_large, v_pattern_1, hangedman_vaults_slice,
          ontoclasm_vaults_ring_large, vaults_standard_mumra_enter_the_diamond,
          vaults_room_fours, vaults_room_pool, vaults_room_stairs_pillars,
          v_misc_5, v_rooms_4, nicolae_vaults_little_squares_3,
          layout_vaults_big_room, mu_enter_wizlab_1
Vaults:2: ebering_ghost_reflecting_pool, vaults_not_door_vault_mu,
          ontoclasm_vaults_gateway, nicolae_vaults_little_squares_5,
          nicolae_vaults_little_squares_6, vaults_room_octagon,
          vaults_room_semicircle, v_misc_33, grunt_vaults_diagonal,
          vaults_room_guarded_vault, nicolae_vaults_hallways_thing,
          ontoclasm_vaults_idyll, nicolae_vaults_diagonal_hallway_8,
          vaults_room_semicircle, layout_vaults_ring, serial_shops, shop,
          uniq_sojobo
Vaults:3: v_misc_32, minmay_crypt_entry_necro_gods,
          vaults_standard_mumra_enter_the_diamond, vaults_dpeg_cross,
          vaults_dpeg_spiral, v_misc_19, ontoclasm_vaults_shuriken,
          nicolae_vaults_circle_grid_a, st_lattice, v_misc_12,
          nicolae_vaults_specimen_jars, v_alt_pattern_4, vaults_room_pools,
          hangedman_vaults_hat, vaults_room_octagon, layout_vaults_omnibox,
          serial_shops, shop
Vaults:4: vaults_dpeg_doors, vaults_room_grid, vaults_room_door_hall,
          nicolae_vaults_disjoint_gnomons, vaults_room_grid,
          vaults_standard_mumra_enter_the_diamond, nicolae_vaults_statue_guard,
          ontoclasm_vaults_twist, nicolae_vaults_little_squares_6,
          grunt_vaults_hallway_long, nicolae_vaults_three_branches,
          nicolae_vaults_little_squares_6, v_misc_28,
          nicolae_vaults_shelves_hall, layout_vaults_maze, serial_shops, shop,
          uniq_margery
Vaults:5: serial_shops
Depths:1: layout_roguey, pf_hell_entry_tar_spiral, grunt_pan_entry_in_and_out,
          nicolae_uskayaw_dance_hall, drop_trap,
          brannock_guarded_unrand_thermic_engine
Depths:2: minmay_shoctagon, layout_cave_shapes, grunt_pan_entry_spiral,
          hell_entry, hangedman_decor_slide_cut, serial_bayou_shore_a
Depths:3: kennysheep_bubble_arena, layout_basic, enter_ziggurat_a,
          kennysheep_decorative_pillar, advil_vaults_ghost_guards,
          abyss_entry_flame_altar, grunt_hell_entry_dis_mu, serial_shops,
          freezing_bzr, uniq_mara
Depths:4: hangedman_slaughterboxes, hell_entry, abyss_entry

Skill      XL: |  1  2  3  4  5  6  7  8  9 10 11 12 13 14 15 16 17 18 19 20 21 22 23 24 25 |
---------------+----------------------------------------------------------------------------+-----
Long Blades    | 1 2 3 5 6 7 8 9 10 11 12 13 14 15 16 17 | 17.0
Axes           | 1 2 3 5 6 7 8 9 10 11 12 13 14 15 16 17 | 17.0
Maces & Flails | 1 2 3 5 6 7 8 9 10 11 12 13 14 15 16 17 | 17.0
Polearms       | 1 2 3 5 6 7 8 9 10 11 12 13 14 15 16 17 | 17.0
Staves         | 1 2 3 5 6 7 8 9 10 11 12 13 14 15 16 17 | 17.0
Slings         | 1 2 3 5 6 7 8 9 10 11 12 13 14 15 16 17 | 17.0
Bows           | 1 2 3 5 6 7 8 9 10 11 12 13 14 15 16 17 | 17.0
Crossbows      | 1 2 3 5 6 7 8 9 10 11 12 13 14 15 16 17 | 17.0
Armour         | 1 2 3 5 6 7 8 9 10 11 12 13 14 15 16 17 | 17.0
Dodging        | 3 4 5 6 7 8 9 10 11 12 13 14 15 16 17 | 17.2
Shields        | 1 2 3 5 6 7 8 9 10 11 12 13 14 15 16 17 | 17.0
Unarmed Combat | 1 2 3 5 6 7 8 9 10 11 12 13 14 15 16 17 | 17.0
Spellcasting   | 1 2 3 5 6 7 8 9 10 11 12 13 14 15 16 17 | 17.0
Conjurations   | 1 2 3 4 5 6 7 8 9 10 11 12 13 14 | 14.5
Hexes          | 1 2 3 4 5 6 7 8 9 10 11 12 13 14 | 14.5
Summonings     | 1 2 3 4 5 6 7 8 9 10 11 12 13 14 | 14.5
Necromancy     | 1 2 3 4 5 6 7 8 9 10 11 12 13 14 | 14.5
Translocations | 1 2 3 4 5 6 7 8 9 10 11 12 13 14 | 14.5
Transmutations | 1 2 3 4 5 6 7 8 9 10 11 12 13 14 | 14.5
Fire Magic     | 1 2 3 4 5 6 7 8 9 10 11 12 13 14 | 14.5
Ice Magic      | 1 2 3 4 5 6 7 8 9 10 11 12 13 14 | 14.5
Air Magic      | 1 2 3 4 5 6 7 8 9 10 11 12 13 14 15 | 15.0
Earth Magic    | 1 2 3 4 5 6 7 8 9 10 11 12 13 14 | 14.5
Poison Magic   | 1 2 3 4 5 6 7 8 9 10 11 12 13 14 | 14.5
Invocations    | 1 2 3 4 5 6 7 8 9 10 11 12 13 14 15 16 17 18 | 18.5
Evocations     | 1 2 3 5 6 7 8 9 10 11 12 13 14 15 16 17 | 17.0
Stealth        | 8 9 10 11 12 13 14 15 16 17 18 | 18.5
Fighting       | 5 6 7 8 9 10 11 12 13 14 15 16 17 | 17.6
Short Blades   | 5 6 7 8 9 10 11 12 13 14 15 16 17 | 17.6
Throwing       | 5 6 7 8 9 10 11 12 13 14 15 16 17 | 17.6

Action                   |  1- 3 |  4- 6 |  7- 9 | 10-12 | 13-15 | 16-18 | 19-21 | 22-24 | 25-27 || total
-------------------------+-------+-------+-------+-------+-------+-------+-------+-------+-------++-------
Melee: Dagger            |    64 |   160 |   394 |   396 |  1017 |   854 |   369 |   159 |       ||  3413
       Punch             |     4 |    20 |    59 |    72 |   220 |   223 |   237 |   224 |       ||  1059
       Touch             |       |     1 |     5 |    24 |    36 |       |       |       |       ||    66
       Flail             |       |       |    12 |    42 |     9 |       |   177 |       |       ||   240
       Scimitar          |       |       |       |     5 |    81 |   270 |   591 |   980 |       ||  1927
       Short sword       |       |       |       |       |    17 |       |       |       |       ||    17
       Hunting sling     |       |       |       |       |     3 |       |       |       |       ||     3
       Morningstar       |       |       |       |       |       |       |     1 |    26 |       ||    27
       War axe           |       |       |       |       |       |       |       |    30 |       ||    30
       Double sword      |       |       |       |       |       |       |       |   310 |    84 ||   394
       Bite              |       |       |       |       |       |       |       |   120 |    35 ||   155
       Rapier            |       |       |       |       |       |       |       |    34 |    90 ||   124
 Fire: Hunting sling     |       |    15 |    82 |   318 |   467 |   282 |   133 |    32 |       ||  1329
       Hand crossbow     |       |       |       |       |       |       |       |    38 |     2 ||    40
Throw: Dart              |       |    14 |     7 |    18 |    29 |    45 |    14 |    96 |    25 ||   248
       Boomerang         |       |       |     8 |     1 |       |       |       |       |       ||     9
 Cast: Ignite Poison     |       |       |       |       |    52 |    67 |    43 |    52 |     9 ||   223
       Freezing Cloud    |       |       |       |       |    31 |    55 |    45 |    62 |    13 ||   206
       Sticky Flame      |       |       |       |       |    24 |    25 |    38 |    47 |     8 ||   142
       Confusing Touch   |       |       |       |       |     2 |    14 |       |     1 |       ||    17
       Dazzling Flash    |       |       |       |       |       |    23 |     4 |     6 |     2 ||    35
       Yara's Violent Un |       |       |       |       |       |     3 |    11 |     8 |       ||    22
       Wereblood         |       |       |       |       |       |     3 |     4 |     7 |       ||    14
       Hailstorm         |       |       |       |       |       |     2 |    12 |    12 |       ||    26
       Dispel Undead     |       |       |       |       |       |       |    10 |    33 |     8 ||    51
       Lee's Rapid Decon |       |       |       |       |       |       |       |    19 |    21 ||    40
       Haunt             |       |       |       |       |       |       |       |     3 |     2 ||     5
       Death Channel     |       |       |       |       |       |       |       |     1 |     1 ||     2
Invok: Wall of Briars    |       |       |       |     1 |     1 |       |       |       |       ||     2
       Grow Oklob        |       |       |       |       |     2 |       |     3 |     4 |       ||     9
       Grow Ballistomyce |       |       |       |       |     2 |     3 |     2 |     5 |       ||    12
       Overgrow          |       |       |       |       |     2 |     1 |     7 |     3 |       ||    13
Evoke: Wand              |       |       |     6 |     9 |    10 |       |    23 |     2 |       ||    50
       Box of beasts     |       |       |       |       |       |     2 |     4 |     5 |       ||    11
       Phial of floods   |       |       |       |       |       |     1 |     2 |       |       ||     3
       Lightning rod     |       |       |       |       |       |       |    13 |    10 |       ||    23
       Phantom mirror    |       |       |       |       |       |       |     3 |     4 |       ||     7
       Condenser vane    |       |       |       |       |       |       |     1 |     2 |       ||     3
       Tin of tremorston |       |       |       |       |       |       |       |     1 |       ||     1
  Use: Potion            |       |     2 |       |       |     1 |     4 |     8 |    15 |       ||    30
       Scroll            |       |       |       |    20 |    13 |     1 |     9 |    11 |       ||    54
 Stab: Sleeping          |     7 |     6 |    14 |    10 |    24 |    68 |    26 |    44 |     9 ||   208
       Distracted        |       |     2 |       |     1 |     3 |     5 |    10 |    16 |     2 ||    39
       Paralysed         |       |       |     1 |     2 |       |       |       |       |       ||     3
       Confused          |       |       |       |       |     2 |    19 |     1 |       |       ||    22
       Invisible         |       |       |       |       |       |    15 |     5 |     4 |       ||    24
       Held in net/web   |       |       |       |       |       |     1 |       |       |       ||     1
Armor: Robe              |    11 |    22 |    26 |       |       |       |       |       |       ||    59
       Leather armour    |       |       |    11 |     5 |       |       |       |     1 |       ||    17
       Ring mail         |       |       |       |    85 |   249 |   417 |   218 |   141 |       ||  1110
       Scale mail        |       |       |       |       |       |       |       |   105 |    39 ||   144
Dodge: Dodged            |    26 |    53 |   153 |   207 |   603 |  1022 |   665 |   716 |    77 ||  3522
Block: Buckler           |       |       |       |       |    78 |   603 |   787 |   917 |    87 ||  2472
       Reflection        |       |       |       |       |       |       |    53 |    40 |     3 ||    96

Table legend: (Time is in decaauts)
 A = Elapsed time spent in this place.
 B = Non-inter-level travel time spent in this place.
 C = Inter-level travel time spent in this place.
 D = Time resting spent in this place.
 E = Time spent auto-exploring this place.
 F = Levels seen in this place.
 G = Mean time per level.
                   A        B        C        D        E       F      G
               +--------+--------+--------+--------+--------+-----+--------+
         Total |  70147 |  65939 |   4208 |  19502 |  22736 |  48 | 1461.4 |
       Dungeon |  19474 |  18168 |   1306 |   4962 |   8152 |  15 | 1298.3 |
        Temple |    214 |    191 |     23 |      0 |    176 |   1 |  214.0 |
          Lair |  10674 |  10022 |    652 |   3876 |   2874 |   6 | 1779.0 |
        Shoals |   4416 |   4140 |    276 |   1069 |   1291 |   4 | 1104.0 |
   Spider Nest |   5575 |   5213 |    362 |   1723 |   1406 |   4 | 1393.8 |
  Orcish Mines |   3419 |   2978 |    441 |    299 |    769 |   2 | 1709.5 |
   Elven Halls |   4351 |   3991 |    360 |    929 |   1721 |   3 | 1450.3 |
        Vaults |  11097 |  10542 |    555 |   2905 |   3605 |   5 | 2219.4 |
        Depths |   8073 |   7843 |    230 |   2503 |   2660 |   4 | 2018.2 |
        Bazaar |    407 |    407 |      0 |    300 |      0 |   1 |  407.0 |
        Bailey |    450 |    450 |      0 |    174 |      0 |   1 |  450.0 |
      Ice Cave |   1114 |   1114 |      0 |    543 |     19 |   1 | 1114.0 |
        Wizlab |    878 |    878 |      0 |    214 |     59 |   1 |  878.0 |
               +--------+--------+--------+--------+--------+-----+--------+

Top non-repeatable levels by time:
Vaults:5: 3411 daAuts
    D:11: 2763 daAuts
  Lair:6: 2296 daAuts
  Lair:5: 2282 daAuts
Spider:4: 2205 daAuts
Depths:4: 2148 daAuts
Depths:3: 2144 daAuts
Vaults:3: 2126 daAuts
  Lair:2: 2093 daAuts
Depths:1: 2069 daAuts
Vaults:1: 2019 daAuts
Vaults:4: 1953 daAuts
   Elf:3: 1827 daAuts
  Lair:1: 1808 daAuts
   Orc:1: 1780 daAuts
